 Dungeon Crawl Stone Soup version 0.25-a0-310-g60f0ac2d9a (webtiles) character file.

Game seed: 14944184993687306964, levelgen mode: classic

1612 Borgoz the Skirmisher (level 8, -3/52 HPs)
             Began as a Gargoyle Gladiator on Dec 23, 2019.
             Was an Initiate of Ashenzari.
             Slain by an orc warrior
             ... wielding a +0 glaive
              (10 damage)
             ... on level 6 of the Dungeon.
             The game lasted 00:06:59 (4971 turns).

Borgoz the Skirmisher (Gargoyle Gladiator)          Turns: 4971, Time: 00:07:00

Health: -3/52      AC: 19    Str: 19    XL:     8   Next: 95%
Magic:  8/8        EV:  7    Int:  9    God:    Ashenzari [......]
Gold:   574        SH:  0    Dex: 12    Spells: 7/7 levels left

rFire    . . .     SeeInvis .   x - +2 dire flail (venom)
rCold    . . .     Gourm    .   (shield currently unavailable)
rNeg     + . .     Faith    .   i - +0 plate armour
rPois    ∞         Spirit   .   c - +0 helmet
rElec    +         Reflect  .   (no cloak)
rCorr    +         Harm     +   (no gloves)
MR       .....                  (no boots)
Stlth    ..........             o - amulet of harm
HPRegen  0.17/turn              k - ring of resist corrosion
MPRegen  0.11/turn              (no ring)

@: no status effects
A: negative energy resistance 1, electricity resistance, unbreathing,
petrification resistance, rot immunity, AC +5
a: Curse Item, Renounce Religion


You were on level 6 of the Dungeon.
You worshipped Ashenzari.
Ashenzari was noncommittal.
You were not hungry.

You visited 2 branches of the dungeon, and saw 7 of its levels.
You also visited: Ossuary.

You collected 574 gold pieces.

Inventory:

Hand Weapons
 x - a +2 dire flail of venom (weapon)
Missiles
 d - 3 throwing nets (quivered)
Armour
 c - a +0 helmet (worn)
 i - a +0 plate armour (worn)
Jewellery
 k - a ring of resist corrosion (left hand)
 o - an amulet of harm (around neck)
 s - a +4 amulet of reflection
Wands
 r - a wand of flame (14)
 w - a wand of paralysis (9)
Scrolls
 e - a scroll of fog {unknown}
 g - a scroll of magic mapping
 h - a scroll of blinking {unknown}
 l - 2 scrolls of teleportation
 m - 2 scrolls of immolation {unknown}
 v - a scroll of enchant weapon
 y - 2 scrolls of remove curse
 A - a scroll of identify
 G - a scroll of amnesia {unknown}
Potions
 a - 2 potions of might
 b - 3 potions of berserk rage
 j - 5 potions of haste
 n - a potion of resistance
 p - 3 potions of lignification {unknown}
 q - 2 potions of brilliance {unknown}
 t - a potion of cancellation {unknown}
 u - 3 potions of heal wounds {unknown}
 z - 3 potions of curing
 B - a potion of flight {unknown}
 C - a potion of degeneration {unknown}
 D - a potion of agility {unknown}
 E - a potion of magic {unknown}
Comestibles
 f - 10 rations


   Skills:
 * Level 6.7 Fighting
 * Level 6.5 Maces & Flails
 - Level 1.7 Throwing
 * Level 6.3 Armour
 + Level 4.1 Dodging


You had 7 spell levels left.
You didn't know any spells.
Your spell library was empty.

Dungeon Overview and Level Annotations

Branches:
Dungeon (6/15)             Temple (1/1) D:6         Ossuary (visited)

Altars:
Ashenzari
Cheibriados
Dithmenos
Elyvilon
Fedhas
Gozag
Hepliaklqana
Kikubaaqudgha
Makhleb
Nemelex Xobeh
Okawaru
Qazlal
Ru
Sif Muna
Trog
Uskayaw
Vehumet
Wu Jian
Xom
Yredelemnul
Zin
The Shining One


Innate Abilities, Weirdness & Mutations

You are resistant to torment.
Your stone body is resilient. (AC +5)
You are immune to poison.
You resist negative energy. (rN+)
You are resistant to electric shocks. (rElec)
You can survive without breathing.
You are immune to petrification.
You are immune to rotting.


Message History

The scorpion is severely wounded.
You kill the scorpion!
The orc warrior barely misses you.
Things that are here:
a +0 dagger; a +0 robe; a scorpion corpse Your plate armour prevents you from hitting the orc warrior.
The orc warrior hits you with a +0 glaive!
You are too injured to fight recklessly!
You are too injured to fight recklessly!
You are too injured to fight recklessly!
Your plate armour prevents you from hitting the orc warrior.
The orc warrior barely misses you.
Your plate armour prevents you from hitting the orc warrior.
Your plate armour prevents you from hitting the orc warrior.
The orc warrior hits you with a +0 glaive!
* * * LOW HITPOINT WARNING * * *
You hit the orc warrior.
The orc warrior is poisoned.
The orc warrior is lightly wounded.
The orc warrior hits you with a +0 glaive!
You die...

###
#.###############
#...............#
#.#############.#
#.# #.# #@#
########.## #o#
........... #o#
########.## #o#
#... ... #### ..#
... ....


You could see an orc warrior, an orc wizard and an orc.

Vanquished Creatures
  Grinder (D:3)
  Eustachio (D:5)
  Edmund (D:5)
  A water moccasin (D:6)
  A sky beast (D:6)
  A scorpion (D:6)
  A howler monkey (D:5)
  A crimson imp (D:5)
  A hound (D:5)
  A centaur skeleton (D:6)
  2 orc priests
  An iguana (D:4)
  6 orc wizards
  2 worker ants
  8 mummies (Ossuary)
  11 gnolls
  9 adders
  A shadow imp (D:5)
  An ooze (D:2)
  3 worms
  6 dart slugs
  3 leopard geckos
  16 orcs
  5 ball pythons
  12 bats
  6 giant cockroaches
  11 goblins
  9 hobgoblins
  14 jackals
  10 kobolds
  2 quokkas
  4 frilled lizards
  A hobgoblin zombie (Ossuary)
  2 kobold zombies (Ossuary)
  5 orc zombies (Ossuary)
  9 rats
169 creatures vanquished.

Notes
Turn   | Place    | Note
-------+----------+-------------------------------------------
     0 | D:1      | Borgoz the Gargoyle Gladiator began the quest for the Orb.
     0 | D:1      | Reached XP level 1. HP: 12/12 MP: 1/1
   352 | D:1      | Reached XP level 2. HP: 17/18 MP: 2/2
   370 | D:1      | Reached skill level 1 in Armour
   780 | D:1      | Reached XP level 3. HP: 20/22 MP: 3/3
  1183 | D:2      | Reached XP level 4. HP: 26/28 MP: 4/4
  1226 | D:2      | Found a glowing golden altar of the Shining One.
  1226 | D:2      | Found a shimmering altar of Xom.
  1418 | D:2      | Found an iron altar of Okawaru.
  1758 | D:2      | Reached XP level 5. HP: 29/32 MP: 5/5
  2153 | D:3      | Noticed Grinder
  2159 | D:3      | Paralysed by Grinder for 2 turns
  2172 | D:3      | Killed Grinder
  2172 | D:3      | Reached XP level 6. HP: 39/39 MP: 6/6
  2276 | D:3      | Reached XP level 7. HP: 34/44 MP: 7/7
  3046 | D:4      | Reached skill level 5 in Maces & Flails
  3086 | D:4      | Reached skill level 5 in Fighting
  3321 | D:5      | Entered Level 5 of the Dungeon
  3321 | D:5      | Noticed Edmund
  3330 | D:5      | Killed Edmund
  3361 | D:5      | Noticed Eustachio
  3374 | D:5      | Killed Eustachio
  3374 | D:5      | Reached skill level 5 in Armour
  3374 | D:5      | Reached XP level 8. HP: 44/51 MP: 8/8
  3811 | D:6      | Found a staircase to the Ecumenical Temple.
  3910 | Temple   | Entered the Ecumenical Temple
  4011 | Temple   | Became a worshipper of Ashenzari the Shackled
  4041 | D:6      | Found a blossoming altar of Fedhas.
  4045 | D:6      | Found a radiant altar of Vehumet.
  4046 | D:6      | Found a basalt altar of Yredelemnul.
  4113 | D:6      | Found a sand-covered staircase.
  4117 | Ossuary  | Entered an ossuary
  4971 | D:6      | Slain by an orc warrior

Levels and vault maps discovered:
D:1:      kennysheep_arrival_forest, layout_basic, minmay_split_cup_large
D:2:      layout_rooms, okawaru_ov_weapons_minmay,
          gammafunk_temple_overflow_elements
D:3:      layout_basic, minmay_shallow_snake_nest, uniq_grinder
D:4:      layout_cave_pools, first_ration
D:5:      layout_rooms, uniq_eustachio, uniq_edmund
D:6:      layout_basic, grunt_temple_overflow_open, temple_statues,
          nicolae_ossuary_entry_plus, uniq_crazy_yiuf_cottage
Temple:   regret_index_temple_sphere_string

Skill      XL: |  1  2  3  4  5  6  7  8 |
---------------+-------------------------+-----
Armour         | 1 2 3 4 5 6 |  6.3
Fighting       | 3 4 5 6 |  6.7
Maces & Flails | 4 5 6 |  6.5
Dodging        | 3 4 |  4.1
Throwing       | |  1.7

Action                   |  1- 3 |  4- 6 |  7- 9 || total
-------------------------+-------+-------+-------++-------
Melee: Flail             |   106 |   176 |   116 ||   398
       Dire flail        |       |       |   161 ||   161
  Use: Potion            |       |       |     1 ||     1
       Scroll            |       |       |     6 ||     6
 Stab: Sleeping          |       |     2 |       ||     2
  Eat: Chunk             |     1 |     4 |     9 ||    14
Armor: Leather armour    |    52 |   109 |     3 ||   164
       Skin              |       |     3 |       ||     3
       Plate armour      |       |       |   239 ||   239
Dodge: Dodged            |   109 |   150 |    95 ||   354

Table legend:
 A = Non-vault XP
 B = Vault XP
 C = Vault XP percentage of total XP
 D = Non-vault monster count
 E = Vault monster count
 F = Vault count percentage of total count
                 A         B        C        D         E       F
            +---------+---------+-------+---------+---------+-------
      Total |    1445 |     859 |  37.3 |     142 |      27 |  16.0
            +---------+---------+-------+---------+---------+-------
        D:1 |      46 |       6 |  11.5 |      25 |       4 |  13.8
        D:2 |     129 |       0 |   0.0 |      35 |       0 |   0.0
        D:3 |     193 |     328 |  63.0 |      32 |       5 |  13.5
        D:4 |     240 |       0 |   0.0 |      19 |       0 |   0.0
        D:5 |     340 |     370 |  52.1 |      17 |       2 |  10.5
        D:6 |     497 |       0 |   0.0 |      14 |       0 |   0.0
    Ossuary |       0 |     155 | 100.0 |       0 |      16 | 100.0
            +---------+---------+-------+---------+---------+-------
